 Dungeon Crawl Stone Soup version 0.23.0 (webtiles) character file.

Game seed: 5811369146372020308

12241 Jethus the Arsonist (level 11, -4/138 HPs)
             Began as a Pale Draconian Fire Elementalist on Feb 16, 2019.
             Was a Priest of Kikubaaqudgha.
             Succumbed to a queen ant's poison
             ... on level 2 of the Lair of Beasts on Feb 17, 2019.
             The game lasted 02:09:27 (18353 turns).

Jethus the Arsonist (DrFE)                         Turns: 18353, Time: 02:09:27

Health: -4/138     AC: 16    Str: 20    XL:     11   Next: 59%
Magic:  10/19      EV: 14    Int: 18    God:    Kikubaaqudgha [***...]
Gold:   682        SH:  0    Dex: 11    Spells: 0/21 levels left

rFire    + + +     SeeInvis .   E - +3 dire flail
rCold    . . .     Gourm    .   (shield currently unavailable)
rNeg     . . .     Faith    .   (armour unavailable)
rPois    +         Spirit   .   (helmet restricted)
rElec    +         Reflect  .   D - +0 cloak
rCorr    +         Harm     .   G - +0 pair of gloves
MR       .....                  n - +2 pair of boots
Stlth    ..........             c - amulet of the Wild Haggis {RegenMP +Fly rF+ Str+3 Slay+3}
HPRegen  0.33/turn              H - ring of fire
MPRegen  0.41/turn              k - +4 ring of protection

@: berserking, lethally poisoned (-4 -> -152), about to teleport, resistant,
very quick
A: breathe steam, unfitting armour, cold-blooded, AC +7
a: Breathe Steam, Receive Corpses, Renounce Religion, Evoke Flight


You were on level 2 of the Lair of Beasts.
You worshipped Kikubaaqudgha.
Kikubaaqudgha was most pleased with you.
You were not hungry.

You visited 2 branches of the dungeon, and saw 14 of its levels.

You collected 748 gold pieces.
You spent 66 gold pieces at shops.

Inventory:

Hand Weapons
 E - a +3 dire flail (weapon)
Missiles
 o - 18 tomahawks (quivered)
 C - 7 tomahawks of returning
Armour
 n - a +2 pair of boots (worn)
 D - a +0 cloak (worn)
 G - a +0 pair of gloves (worn)
Magical Staves
 d - an uncursed staff of summoning
 i - an uncursed staff of air
Jewellery
 c - the amulet of the Wild Haggis (around neck) {RegenMP +Fly rF+ Str+3 Slay+3}
   (You acquired it on level 2 of the Lair of Beasts)

   [amulet of magic regeneration]

   It increases your magic regeneration.
   It affects your strength (+3).
   It affects your accuracy and damage with ranged weapons and melee attacks
   (+3).
   It protects you from fire.
   It lets you fly.
 g - an uncursed ring of protection from cold
 k - a +4 ring of protection (right hand)
 q - a cursed -2 ring of protection
 H - a ring of fire (left hand)
Wands
 h - a wand of digging (5)
 m - a wand of paralysis (7)
 p - a wand of random effects (19)
 x - a wand of disintegration (10)
 F - a wand of iceblast (7)
Scrolls
 l - a scroll of fog
 s - 3 scrolls of identify
 t - 2 scrolls of enchant armour {unknown}
 u - 3 scrolls of magic mapping
 v - 4 scrolls of random uselessness {unknown}
 y - 5 scrolls of remove curse
 I - a scroll of silence {unknown}
 K - 2 scrolls of amnesia
Potions
 e - a potion of brilliance
 j - a potion of flight
 A - a potion of resistance
 J - a potion of agility {unknown}
Comestibles
 b - 13 rations


   Skills:
 * Level 7.5 Fighting
   Level 2.8 Short Blades
 + Level 2.2(3.5) Maces & Flails
 - Level 4.2(4.4) Staves
 + Level 5.8 Dodging
 + Level 6.3 Stealth
 + Level 5.8 Spellcasting
 + Level 6.2 Conjurations
 + Level 5.8 Necromancy
 + Level 8.8 Fire Magic
 + Level 5.6 Evocations


You couldn't memorise any spells.
You knew the following spells:

 Your Spells              Type           Power        Failure   Level  Hunger
a - Flame Tongue          Conj/Fire      #####        1%          1    None
b - Throw Flame           Conj/Fire      #####.       1%          2    None
c - Pain                  Necr           ####         1%          1    None
d - Animate Skeleton      Necr           N/A          1%          1    None
e - Fireball              Conj/Fire      #####.....   16%         5    #####..
f - Animate Dead          Necr           N/A          11%         4    ####...
g - Corpse Rot            Necr           N/A          1%          2    None
h - Vampiric Draining     Necr           ####......   3%          3    ##.....
i - Sublimation of Blood  Necr           ####......   1%          2    None

Your spell library contained the following spells:

 Spells                   Type           Power        Failure   Level  Hunger
 Conjure Flame            Conj/Fire      #####...     1%          3    ##.....
 Sting                    Conj/Pois      ###.         3%          1    None
 Throw Frost              Conj/Ice       ###...       5%          2    None
 Sticky Flame             Conj/Fire      #####...     5%          4    ####...
 Inner Flame              Hex/Fire       ####....     6%          3    ##.....
 Dazzling Spray           Conj/Hex       ###...       11%         3    ##.....
 Apportation              Tloc           #.....       12%         1    None
 Beastly Appendage        Tmut           #.....       12%         1    None
 Confusing Touch          Hex            #.....       12%         1    None
 Corona                   Hex            #......      12%         1    None
 Freeze                   Ice            #...         12%         1    None
 Summon Small Mammal      Summ           #...         12%         1    None
 Mephitic Cloud           Conj/Pois/Air  ##......     16%         3    ##.....
 Ensorcelled Hibernation  Hex/Ice        #.....       19%         2    None
 Poisonous Vapours        Pois/Air       #.....       19%         2    None
 Sticks to Snakes         Tmut           #.......     19%         2    None
 Bolt of Draining         Conj/Necr      ####......   28%         5    #####..
 Dispel Undead            Necr           ####....     30%         5    #####..
 Throw Icicle             Conj/Ice       ###.....     34%         4    ####...
 Confuse                  Hex            #.......     36%         3    ##.....
 Ozocubu's Armour         Chrm/Ice       #.......     36%         3    ##.....
 Spider Form              Tmut/Pois      #.........   36%         3    ##.....
 Tukima's Dance           Hex            #.......     36%         3    ##.....
 Venom Bolt               Conj/Pois      ###.......   67%         5    #####..
 Borgnjor's Vile Clutch   Necr/Erth      ###.......   71%         5    #####..
 Cause Fear               Hex            #.........   77%         4    ####...
 Ice Form                 Ice/Tmut       #.......     77%         4    ####...
 Olgreb's Toxic Radiance  Pois           #.......     77%         4    ####...
 Summon Ice Beast         Ice/Summ       #.......     77%         4    ####...
 Blade Hands              Tmut           #.........   98%         5    #####..
 Silence                  Hex/Air        #.........   98%         5    #####..
 Yara's Violent Unravell  Hex/Tmut       #.........   98%         5    #####..
 Simulacrum               Ice/Necr       ###.......   99%         6    #######
 Deflect Missiles         Chrm/Air       #.........   100%        6    #######
 Discord                  Hex            #.........   100%        8    #######


Dungeon Overview and Level Annotations

Branches:
Dungeon (11/15)            Temple (0/1) D:4            Lair (3/6) D:8
  Swamp: Lair:2-4    Shoals: Lair:2-4     Snake: Lair:2-4    Spider: Lair:2-4
    Orc: D:9-12

Altars:
Ashenzari
Cheibriados
Dithmenos
Gozag
Kikubaaqudgha
Nemelex Xobeh
Okawaru
Qazlal
Ru
Sif Muna
Uskayaw
Wu Jian
Yredelemnul
Zin

Shops:
D:4 %   D:9 *   D:10 %**

Annotations:
D:8 Lair
Lair:3 3 runed translucent doors, mezmerelda's ghost, journeyman TrMo


Innate Abilities, Weirdness & Mutations

You can breathe blasts of scalding, opaque steam.
Your pale cyan-grey scales are hard. (AC +7)
You cannot fit into any form of body armour.
You are cold-blooded and may be slowed by cold attacks.


Message History

As you read the scroll of teleportation, it crumbles to dust.
You feel strangely unstable.
You feel extremely sick. The queen ant stings you!
You are more poisoned.
The queen ant poisons you!
* * * LOW HITPOINT WARNING * * *
You feel extremely sick.
A soldier ant comes into view.
It was a potion of resistance.
You feel protected.
* * * LOW HITPOINT WARNING * * *
You feel extremely sick. The queen ant stings you.
* * * LOW HITPOINT WARNING * * *
It was a potion of berserk rage.
A red film seems to cover your vision as you go berserk!
You feel yourself moving faster!
You feel mighty!
You die...
Kikubaaqudgha rasps: "You have failed me!
Welcome... death!" .....#....#........#..%. .. ....#....##.......#.......a ...#..P.###.....###..... ...'.#### #......#a..... .....# ....#...... .$. ...### #..†..a... ... .##.# ##a# ... .#a ##### ##.a# .. .aa

.#### #..@# .a a.. ..#.# #####..#
#. ..# ...## ### #P#.#☼.#
##.#####.## ...# ##.###......##
##.#.#..>... ...###...##.......#
#..........# ...'......'.......#
##.........# ...##.#..##......+.#
#.....a....#
...P##.####..........##..........
...##### #........#.#..S>.....!#


You could see a queen ant and a soldier ant.

Vanquished Creatures
  Harold (D:8)
  A two-headed ogre (D:10)
  Pikel (D:8)
  A black mamba (Lair:2)
  3 spiny frogs
  A komodo dragon (Lair:2)
  A rime drake (Lair:2)
  A troll (D:9)
  A hornet (D:8)
  Grinder (D:4)
  3 hippogriffs
  Sigmund (D:4)
  10 yaks
  A hungry ghost (D:10)
  A steam dragon (D:10)
  4 soldier ants
  2 water moccasins (Lair:2)
  A porcupine (Lair:1)
  2 black bears
  4 ice beasts
  2 sky beasts
  An eye of draining (D:8)
  A phantom (D:5)
  A slave (D:8)
  2 ogres
  A necrophage (D:7)
  A wolf (Lair:1)
  A centaur (D:8)
  2 crocodiles (Lair:1)
  A big kobold (D:11)
  7 bullfrogs
  A water moccasin zombie (D:6)
  A scorpion (D:10)
  9 killer bees
  10 wights
  5 jellies
  A quasit (D:10)
  3 crimson imps
  2 bullfrog skeletons
  2 hounds
  5 orc wizards
  3 orc priests
  2 iguanas
  15 worker ants
  Terence (D:2)
  A killer bee zombie (D:9)
  A hound zombie (D:8)
  A hound skeleton (D:4)
  A howler monkey zombie (D:8)
  3 adders
  4 gnolls
  5 shadow imps
  An ooze (D:3)
  An adder zombie (D:6)
  2 worms (D:3)
  A dart slug (D:3)
  7 leopard geckos
  21 orcs
  7 bats
  5 giant cockroaches
  4 goblins
  7 hobgoblins
  8 jackals
  7 quokkas
  3 ball pythons
  4 frilled lizards
  11 kobolds
  A leopard gecko zombie (D:5)
  7 rats
  A plant (Lair:1)
235 creatures vanquished.

Vanquished Creatures (collateral kills)
  A rime drake (Lair:1)
  A blink frog (Lair:2)
  A hornet (D:9)
  2 hippogriffs (Lair:1)
  Grum (Lair:1)
  A porcupine (Lair:1)
  2 wolves (Lair:1)
  2 worker ants
11 creatures vanquished.

Vanquished Creatures (others)
  2 slaves (D:8)
  A sky beast (D:8)
  2 crimson imps (D:8)
  An adder zombie (D:8)
  3 jackals (D:8)
  2 fungi
  A plant (Lair:2)
  A withered plant (D:6)
13 creatures vanquished.

Grand Total: 259 creatures vanquished

Notes
Turn   | Place    | Note
-------+----------+-------------------------------------------
     0 | D:1      | Jethus the Draconian Fire Elementalist began the quest for
                  | the Orb.
     0 | D:1      | Reached XP level 1. HP: 14/14 MP: 3/3
   309 | D:1      | Reached XP level 2. HP: 19/22 MP: 1/5
   779 | D:1      | Learned a level 2 spell: Throw Flame
   871 | D:2      | Found a stormy altar of Qazlal.
  1186 | D:2      | Reached XP level 3. HP: 27/27 MP: 1/6
  1285 | D:2      | Noticed Terence
  1307 | D:2      | Killed Terence
  1307 | D:2      | Reached skill level 1 in Fighting
  1514 | D:3      | Found an opulent altar of Gozag.
  1658 | D:3      | Found an ancient bone altar of Kikubaaqudgha.
  1738 | D:3      | Reached XP level 4. HP: 35/35 MP: 1/7
  2174 | D:3      | Became a worshipper of Kikubaaqudgha
  2239 | D:4      | Noticed Grinder
  2256 | D:4      | Killed Grinder
  2256 | D:4      | Reached skill level 1 in Short Blades
  2256 | D:4      | Reached skill level 1 in Necromancy
  2256 | D:4      | Reached XP level 5. HP: 30/41 MP: 3/9
  2336 | D:4      | Found Ogeorgho's Food Shoppe.
  2368 | D:4      | Reached XP level 6. HP: 46/48 MP: 10/10
  2392 | D:4      | Found a sparkling altar of Nemelex Xobeh.
  2565 | D:4      | Noticed Sigmund
  2839 | D:4      | Found a sparkling altar of Nemelex Xobeh.
  3049 | D:4      | Found a hide-covered altar of Uskayaw.
  3206 | D:4      | Found an ornate altar of the Wu Jian Council.
  3385 | D:4      | Killed Sigmund
  3385 | D:4      | Reached skill level 4 in Fire Magic
  3385 | D:4      | Your scales start taking on a pale cyan-grey colour.
  3385 | D:4      | Reached XP level 7. HP: 48/56 MP: 11/11
  3452 | D:4      | Found a staircase to the Ecumenical Temple.
  3505 | D:5      | Entered Level 5 of the Dungeon
  3505 | D:5      | Found a glowing silver altar of Zin.
  3557 | D:5      | Learned a level 1 spell: Animate Skeleton
  3777 | D:5      | Reached * piety under Kikubaaqudgha
  3777 | D:5      | Identified Kikubaaqudgha's Tome of Dark Secrets
                  | (Kikubaaqudgha gifted it to you on level 5 of the Dungeon)
  3777 | D:5      | Received a gift from Kikubaaqudgha
  3783 | D:5      | Learned a level 1 spell: Pain
  3786 | D:5      | Learned a level 2 spell: Corpse Rot
  3789 | D:5      | Learned a level 2 spell: Sublimation of Blood
  4158 | D:5      | Reached skill level 5 in Fire Magic
  4171 | D:6      | Found an iron altar of Okawaru.
  4267 | D:5      | Reached XP level 8. HP: 62/63 MP: 4/13
  4367 | D:5      | Learned a level 3 spell: Vampiric Draining
  4415 | D:5      | Got a creamy pearl robe
  4889 | D:5      | Identified the +2 robe of Dramatic Exits {rF++ SInv} (You
                  | found it on level 5 of the Dungeon)
  4938 | D:6      | Found a shadowy altar of Dithmenos.
  5623 | D:5      | Reached skill level 1 in Staves
  5623 | D:5      | Reached skill level 1 in Evocations
  6467 | D:6      | Found a basalt altar of Yredelemnul.
  6924 | D:7      | Reached skill level 6 in Fire Magic
  7839 | D:7      | Reached XP level 9. HP: 57/71 MP: 4/15
  8351 | D:8      | Noticed Pikel
  8562 | D:8      | Killed Pikel
  8879 | D:8      | Reached ** piety under Kikubaaqudgha
  9270 | D:8      | Reached skill level 7 in Fire Magic
  9321 | D:8      | Found a staircase to the Lair.
  9362 | D:8      | Noticed Harold
  9419 | Lair:1   | Entered Level 1 of the Lair of Beasts
 10962 | D:8      | Killed Harold
 10962 | D:8      | Reached skill level 5 in Stealth
 11228 | D:9      | Noticed a troll
 11515 | D:9      | Found Lirhodick's Lightly-Used Armoury.
 11550 | D:9      | Reached XP level 10. HP: 64/80 MP: 10/17
 11566 | D:9      | Reached skill level 5 in Fighting
 11883 | D:9      | Found a deep blue altar of Sif Muna.
 11944 | D:9      | You fall through a shaft for 2 floors!
 11945 | D:11     | Noticed a two-headed ogre
 12038 | D:11     | Reached skill level 5 in Conjurations
 12263 | D:10     | Entered Level 10 of the Dungeon
 12278 | D:10     | Found Lics's Assorted Antiques.
 12343 | D:10     | Found a sacrificial altar of Ru.
 12573 | D:9      | Paralysed by a hornet for 1 turns
 12578 | D:9      | Paralysed by a hornet for 2 turns
 13208 | D:9      | Found a shattered altar of Ashenzari.
 13226 | D:9      | Found a snail-covered altar of Cheibriados.
 13235 | D:9      | Found a shadowy altar of Dithmenos.
 13292 | D:9      | Reached skill level 8 in Fire Magic
 13297 | D:9      | Reached skill level 5 in Dodging
 13297 | D:9      | Reached skill level 5 in Spellcasting
 13885 | D:10     | Noticed a two-headed ogre
 13968 | D:10     | Killed a two-headed ogre
 14081 | D:10     | Found Kiov's Food Shoppe.
 14105 | D:10     | Reached skill level 5 in Necromancy
 14333 | D:10     | Found Dipree's Assorted Antiques.
 14348 | D:10     | Bought a scroll labeled KOUTUF ZOEB for 35 gold pieces
 14348 | D:10     | Bought a silvery potion for 31 gold pieces
 15175 | Lair:1   | Noticed a spiny frog
 15190 | Lair:1   | Killed a spiny frog
 15190 | Lair:1   | Reached XP level 11. HP: 55/91 MP: 12/19
 15625 | Lair:1   | Noticed Grum
 15731 | Lair:1   | Killed Grum
 15731 | Lair:1   | Reached skill level 5 in Evocations
 15765 | Lair:1   | Learned a level 5 spell: Fireball
 15818 | Lair:1   | Reached skill level 1 in Maces & Flails
 16956 | Lair:2   | You fall through a shaft!
 17119 | Lair:3   | Found a runed translucent gate.
 17119 | Lair:3   | Found a runed translucent gate.
 17119 | Lair:3   | Found a runed translucent gate.
 17123 | Lair:3   | Noticed mezmerelda's ghost (journeyman TrMo)
 17463 | Lair:2   | Identified a scroll of acquirement
 17466 | Lair:2   | Got a heavily runed amethyst amulet
 17467 | Lair:2   | Identified the amulet of the Wild Haggis {RegenMP +Fly rF+
                  | Str+3 Slay+3} (You acquired it on level 2 of the Lair of
                  | Beasts)
 18304 | Lair:2   | Reached *** piety under Kikubaaqudgha
 18304 | Lair:2   | Identified Kikubaaqudgha's Papyrus of Sinister Arts
                  | (Kikubaaqudgha gifted it to you on level 2 of the Lair of
                  | Beasts)
 18304 | Lair:2   | Received a gift from Kikubaaqudgha
 18313 | Lair:2   | Learned a level 4 spell: Animate Dead
 18336 | Lair:2   | Noticed a queen ant
 18352 | Lair:2   | HP: 4/92 [queen ant (5)]
 18353 | Lair:2   | Succumbed to a queen ant's poison

Skill      XL: |  1  2  3  4  5  6  7  8  9 10 11 |
---------------+----------------------------------+-----
Stealth        | 2 3 4 5 6 |  6.3
Dodging        | 2 3 4 5 |  5.8
Fighting       | 1 2 3 4 6 7 |  7.5
Short Blades   | 1 2 |  2.8
Conjurations   | 2 3 4 5 6 |  6.2
Necromancy     | 1 2 3 4 5 |  5.8
Spellcasting   | 3 4 5 |  5.8
Fire Magic     | 4 5 6 7 8 |  8.8
Staves         | 1 3 4 |  4.2
Evocations     | 2 3 4 5 |  5.6
Maces & Flails | 2 |  2.2

Action                   |  1- 3 |  4- 6 |  7- 9 | 10-12 || total
-------------------------+-------+-------+-------+-------++-------
Melee: Unarmed           |    16 |       |       |       ||    16
       Short sword       |    23 |    77 |    59 |       ||   159
       Tailslap          |     4 |     9 |    44 |    17 ||    74
       Staff             |       |       |   442 |     9 ||   451
       Dire flail        |       |       |       |    79 ||    79
Throw: Tomahawk          |       |       |     4 |       ||     4
       Stone             |       |       |     4 |       ||     4
       Throwing net      |       |       |     2 |       ||     2
 Cast: Flame Tongue      |    46 |    43 |   151 |   277 ||   517
       Throw Flame       |    15 |     4 |    99 |    65 ||   183
       Pain              |       |       |    59 |    20 ||    79
       Corpse Rot        |       |       |     1 |     3 ||     4
       Animate Skeleton  |       |       |    13 |    21 ||    34
       Fireball          |       |       |       |     2 ||     2
Invok: Receive Corpses   |       |       |     2 |     3 ||     5
Evoke: Staff of energy   |       |       |     3 |       ||     3
       Wand              |       |       |     2 |     4 ||     6
  Use: Potion            |     4 |     4 |     8 |    15 ||    31
       Scroll            |     5 |     1 |    13 |     6 ||    25
 Stab: Sleeping          |     1 |       |     2 |       ||     3
  Eat: Chunk             |     4 |     6 |    14 |    10 ||    34
       Ration            |       |       |     4 |     5 ||     9
Armor: Skin              |     9 |    24 |   280 |   139 ||   452
Dodge: Dodged            |    61 |    58 |   411 |   218 ||   748
